Map: Blueshift LE

Players

Skogix

  • Race: Zerg Zerg
  • League: Gold
  • Spawn Location: 1:00

A.I. 1 (Very Easy) - Winner!

  • Race: Terran Terran
  • Spawn Location: 7:00

VOD

Have the link to the VOD?

Description

Test

Time

  • Played on: Dec. 22, 2018, 6:16 a.m.
  • Length: 5:34
Show
View Real Time Build Order
Export as new Build Order

Skogix Zerg 

Build Orders: Hatch First 

Get SALT Encoding   

  12  0:00  Drone  
  13  0:12  Overlord  
  13  0:16  Drone  
  14  0:31  Drone x2  
  16  0:36  Drone  
  17  0:52  Hatchery  
  17  0:55  Drone  
  17  0:58  Drone  
  18  1:09  Extractor  
  17  1:13  Spawning Pool  
  17  1:16  Drone  
  17  1:19  Drone  
  18  1:28  Drone  
  19  1:38  Drone  
  20  1:48  Hatchery  
  19  1:56  Drone  
  20  2:01  Queen  
  20  2:07  Drone  
  23  2:12  Metabolic Boost  
  23  2:14  Drone  
  24  2:17  Drone  
  24  2:20  Drone  
  26  2:26  Overlord  
  26  2:33  Zergling x4  
  28  2:43  Queen  
  30  2:46  Zergling x2  
  30  2:48  Drone  
  30  2:50  Queen  
  34  2:57  Drone x2  
  36  3:01  Queen  
  38  3:06  Overlord  
  38  3:10  Drone  
  38  3:11  Drone  
  40  3:15  Drone x2  
  42  3:20  Overlord  
  42  3:26  Queen  
  44  3:36  Drone x5  
  44  3:40  Drone x2  
  51  3:46  Overlord  
  51  3:50  Lair  
  51  3:54  Drone  
  52  3:56  Roach Warren  
  52  4:01  Overlord, Drone  
  52  4:02  Drone  
  53  4:13  Overlord  
  53  4:15  Drone x3  
  53  4:16  Drone x3  
  59  4:25  Overlord x2  
  59  4:30  Drone x5  
  64  4:33  Extractor  
  64  4:34  Drone  
  64  4:35  Extractor x2, Drone  
  64  4:36  Drone  
  64  4:43  Roach x3  
  70  4:57  Drone x4  
  70  4:58  Drone x2  
  76  5:04  Overlord  
  76  5:10  Drone x4  
  76  5:11  Drone x4  
  76  5:13  Extractor  
  83  5:14  Extractor  
  83  5:18  Drone  
Show
View Real Time Build Order
Export as new Build Order

A.I. 1 (Very Easy) Terran - Winner!

Build Orders:  

Get SALT Encoding   

  12  0:00  SCV  
  13  0:13  SCV  
  14  0:18  Supply Depot  
  14  0:37  Refinery  
  14  0:41  Barracks  
  14  1:02  Supply Depot  
  14  1:12  Refinery  
  14  1:28  SCV  
  14  1:29  Marine  
  16  1:41  SCV  
  17  1:53  SCV  
  18  1:59  Marine  
  19  2:05  SCV  
  20  2:17  SCV  
  21  2:29  SCV  
  22  2:30  Marine  
  23  2:41  Orbital Command  
Tags
 
League
Gold
Matchup
TvZ
Spawn Locations
Cross Positions
Add a new tag
Caveats
  • Supply blocks, unpowered buildings, or Contaminate may cause inaccurate times.
  • Supply counts are checked every 10 seconds.